Blackhawks vs Avalanche

Created - November 23, 2018 at 07:22

Goals
1 2 3 T
Blackhawks 1 0 0 1
Avalanche 1 2 5 8
Shots
1 2 3 T
Blackhawks 8 1 13 22
Avalanche 15 7 21 43

1st period

1. Avalanche , Andrei Kostitsyn 9 (Paul Stastny 13, Patric Hornqvist 12) at 7:45
2. Blackhawks , Tyler Kennedy 2 (Zac Rinaldo 1) at 11:38

Penalties :
Denis Grebeshkov (Chi) for Interference (Minor) at 4:13, Derick Brassard (Chi) for Tripping (Minor) at 18:22

2nd period

3. Avalanche , Bryan Little 11 (Jack Johnson 12, Mikkel Boedker 18) at 0:10 (PP)
4. Avalanche , Dan Boyle 1 (Zach Boychuk 2, Chuck Kobasew 1) at 1:47

Penalties :
Joni Pitkanen (Chi) for Hooking (Minor) at 4:22, Patric Hornqvist (Col) for Roughing (Minor) at 9:19, Derick Brassard (Chi) for Diving (Minor) at 13:10

3rd period

5. Avalanche , Bryan Little 12 (Mikkel Boedker 19, Jack Johnson 13) at 0:39
6. Avalanche , Chuck Kobasew 2 (Jack Johnson 14, Bryan Little 17) at 5:30
7. Avalanche , Mikkel Boedker 13 (Bryan Little 18) at 10:26
8. Avalanche , Paul Stastny 6 (Jay Bouwmeester 5, Roberto Luongo) at 16:03
9. Avalanche , Patric Hornqvist 8 (Marc Staal 10, Bryan Little 19) at 18:45

Penalties :
Rick Nash (Chi) for Slashing (Minor) at 10:41, Johnny Boychuk (Col) for Fighting (Major) at 12:48, Zac Rinaldo (Chi) for Fighting (Major) at 12:48, Mike Green (Chi) for Tripping (Minor) at 16:12, Bryan Little (Col) for Holding (Minor) at 18:56

Goalie Stats

Jimmy Howard (Chi), 35 saves from 43 shots - (0.814), L, 7-8-1, 60:00 minutes
Roberto Luongo (Col), 21 saves from 22 shots - (0.955), W, 4-2-1, 60:00 minutes

Players Stats for Blackhawks

Player Name              G  A  P  +/- PIM S  H  SB GA TA FO     MP     PP MP  PK MP  
------------------------------------------------------------------------------------
Antoine Roussel          0  0  0  -3  0   0  4  0  3  1  2/3    24:25   1:38   7:03 
Cam Janssen              0  0  0  -1  0   0  2  0  0  0  1/2    11:35   0:08   1:30 
Chris Kreider            0  0  0  -3  0   4  2  0  0  0  0/0    14:52   1:16   0:55 
Denis Grebeshkov         0  0  0  -2  2   4  1  1  0  1  0/0    23:24   1:00   4:39 
Derick Brassard          0  0  0  -3  4   2  0  1  0  1  9/26   17:08   1:38   0:00 
Hampus Lindholm          0  0  0  -2  0   0  1  1  0  0  0/0    17:29   1:00   2:03 
Joni Pitkanen            0  0  0  -2  2   0  1  3  0  3  0/0    24:11   2:02   6:30 
Kevin Marshall           0  0  0  -2  0   0  0  1  0  0  0/0    11:47   0:00   0:00 
Lasse Kukkonen           0  0  0  -2  0   0  0  2  0  0  0/0    15:54   0:00   3:56 
Mason Raymond            0  0  0   1  0   0  0  0  0  0  0/0     7:02   0:00   0:00 
Michael Frolik           0  0  0  -3  0   3  2  0  0  0  1/2    13:53   1:16   0:00 
Mike Green               0  0  0  -2  2   3  5  2  0  1  0/0    27:23   2:02   6:18 
Peter Regin              0  0  0  -3  0   2  2  1  0  0  7/22   20:48   1:16   6:46 
Rick Nash                0  0  0  -3  2   0  1  1  0  0  0/1    17:12   1:38   0:00 
Ryan Johansen            0  0  0  -1  0   0  2  0  0  0  2/4    14:03   0:08   3:36 
Tomas Fleischmann        0  0  0  -1  0   0  2  1  0  0  0/0     9:56   0:08   0:00 
Tyler Kennedy            1  0  1   1  0   4  2  0  0  0  1/1    10:38   0:00   3:36 
Zac Rinaldo              0  1  1   1  5   0  0  0  0  0  2/3     6:33   0:00   0:03 

Players Stats for Avalanche

Player Name              G  A  P  +/- PIM S  H  SB GA TA FO     MP     PP MP  PK MP  
------------------------------------------------------------------------------------
Alexander Radulov        0  0  0   1  0   5  0  0  1  0  0/0    20:42   5:26   0:00 
Andrei Kostitsyn         1  0  1   1  0   3  0  0  1  0  0/0    11:10   2:43   0:40 
Andrew Ladd              0  0  0   0  0   3  1  1  0  0  2/3    17:43   2:41   1:43 
Brandon Yip              0  0  0   0  0   3  1  0  0  0  0/0     8:21   0:16   0:31 
Bryan Little             2  3  5   3  2   8  1  0  3  0  15/23  21:14   6:01   0:16 
Chuck Kobasew            1  1  2   2  0   1  0  0  1  0  0/0     8:50   0:00   1:40 
Dan Boyle                1  0  1   2  0   1  0  0  0  0  0/0    10:49   0:00   0:00 
Greg Campbell            0  0  0   0  0   1  1  0  0  0  3/6    10:09   0:08   1:03 
Jack Johnson             0  3  3   3  0   1  0  0  0  0  0/0    26:45   6:46   1:05 
Jay Bouwmeester          0  1  1   1  0   0  0  2  0  0  0/0    21:34   6:46   0:00 
Johnny Boychuk           0  0  0   1  5   1  0  0  0  0  0/0    11:40   0:00   1:05 
Jonathan Marchessault    0  0  0   2  0   0  3  0  0  0  0/1     7:10   0:00   0:00 
Marc Staal               0  1  1   1  0   1  2  0  0  0  0/0    22:26   4:57   1:57 
Mikkel Boedker           1  2  3   3  0   6  2  0  0  1  2/3    20:59   6:01   0:00 
Patric Hornqvist         1  1  2   3  2   2  0  0  0  0  1/1    21:15   6:01   0:00 
Paul Stastny             1  1  2   1  0   6  1  0  0  1  16/27  20:42   5:26   0:00 
Pernell Karl Subban      0  0  0   4  0   1  0  1  0  1  0/0    26:45   4:57   1:57 
Zach Boychuk             0  1  1   2  0   0  1  0  1  0  0/0     8:41   0:26   0:11 

3 Stars

1 - Bryan Little (Col)
2 - Mikkel Boedker (Col)
3 - Jack Johnson (Col)

Power Play

Blackhawks - 0 on 2 Attempt(s) - 0.00%
Avalanche - 1 on 6 Attempt(s) - 16.67%

Penalty Kill

Blackhawks - 5 on 6 Attempt(s) - 83.33% - Score 0 goal in Penalty Kill
Avalanche - 2 on 2 Attempt(s) - 100.00% - Score 0 goal in Penalty Kill

Team Stat

Blackhawks - Hits : 27 - Faceoff Wins : 25 - Blocked Shots : 14 - Penalty Minutes : 17
Avalanche - Hits : 13 - Faceoff Wins : 39 - Blocked Shots : 4 - Penalty Minutes : 9

Official

Referees : Unknown
Linesman : Unknown

Game Notes

Andrei Kostitsyn is injured at 13:03 of 2nd period (Sprained Right Finger)
Zac Rinaldo beats up Johnny Boychuk at 12:48 of 3rd period

Finance

Level 1 -- Attendance: 6000 (100.00%) -- Ticket Income $534,000
Level 2 -- Attendance: 5000 (100.00%) -- Ticket Income $275,000
Level 3 -- Attendance: 1970 (98.50%) -- Ticket Income $65,010
Level 4 -- Attendance: 4000 (100.00%) -- Ticket Income $92,000
Luxury Box -- Attendance: 790 (79.00%) -- Ticket Income $135,880
Game was played at the Pepsi Center.
Total Attendance: 17760 (98.67%)
Total Ticket Income: $1,101,890
Other Income: $165,284
Total Income: $1,267,174

Blackhawks

5 vs 5 Forward 
   Center                   Left Wing                Right Wing               Time % Phy DF OF 
 1 Derick Brassard          Antoine Roussel          Rick Nash                40     1   2  2  
 2 Peter Regin              Chris Kreider            Michael Frolik           30     1   2  2  
 3 Ryan Johansen            Tomas Fleischmann        Cam Janssen              20     1   2  2  
 4 Zac Rinaldo              Mason Raymond            Tyler Kennedy            10     1   2  2  

5 vs 5 Defense 
   Defense                  Defense                                           Time % Phy DF OF 
 1 Mike Green               Denis Grebeshkov                                  40     1   2  2  
 2 Joni Pitkanen            Hampus Lindholm                                   30     1   2  2  
 3 Lasse Kukkonen           Kevin Marshall                                    20     1   2  2  
 4 Mike Green               Joni Pitkanen                                     10     1   2  2  

PowerPlay Forward 
   Center                   Left Wing                Right Wing               Time % Phy DF OF 
 1 Derick Brassard          Antoine Roussel          Rick Nash                60     1   2  2  
 2 Peter Regin              Chris Kreider            Michael Frolik           40     1   2  2  

PowerPlay Defense
   Defense                  Defense                                           Time % Phy DF OF 
 1 Mike Green               Joni Pitkanen                                     60     1   2  2  
 2 Denis Grebeshkov         Hampus Lindholm                                   40     1   2  2  

Penalty Kill 4 Players Forward 
   Center                   Wing                     Time % Phy DF OF 
 1 Peter Regin              Antoine Roussel          60     1   2  2  
 2 Ryan Johansen            Tyler Kennedy            40     1   2  2  

Penalty Kill 4 Players Defense
   Defense                  Defense                  Time % Phy DF OF 
 1 Mike Green               Joni Pitkanen            60     1   2  2  
 2 Denis Grebeshkov         Lasse Kukkonen           40     1   2  2  

Penalty Kill - 3 Players Forward 
   Forward                                           Time % Phy DF OF 
 1 Peter Regin                                       60     1   2  2  
 2 Ryan Johansen                                     40     1   2  2  

Penalty Kill - 3 Players Defense
   Defense                  Defense                  Time % Phy DF OF 
 1 Mike Green               Joni Pitkanen            60     1   2  2  
 2 Denis Grebeshkov         Lasse Kukkonen           40     1   2  2  

4 vs 4 Forward 
   Center                   Wing                     Time % Phy DF OF 
 1 Rick Nash                Derick Brassard          60     1   2  2  
 2 Antoine Roussel          Chris Kreider            40     1   2  2  

4 vs 4 Defense
   Defense                  Defense                  Time % Phy DF OF 
 1 Mike Green               Joni Pitkanen            60     1   2  2  
 2 Denis Grebeshkov         Kevin Marshall           40     1   2  2  

Last Minutes Offensive
   Center                   Left Wing                Right Wing               Defense                  Defense                  
   Derick Brassard          Antoine Roussel          Rick Nash                Mike Green               Joni Pitkanen            

Last Minutes Defensive
   Center                   Left Wing                Right Wing               Defense                  Defense                  
   Derick Brassard          Antoine Roussel          Rick Nash                Mike Green               Joni Pitkanen            

Goaltenders
Starting : Jimmy Howard             
Backup : Al Montoya               

Extra Forwards
Normal : Ryan Johansen, Tomas Fleischmann, Cam Janssen - PP : Ryan Johansen, Tomas Fleischmann - PK : Cam Janssen
Extra Defensemen
Normal : Mike Green, Hampus Lindholm, Denis Grebeshkov - PP : Hampus Lindholm - PK : Mike Green, Denis Grebeshkov
Penalty Shots
Rick Nash, Derick Brassard, Antoine Roussel, Chris Kreider, Michael Frolik

Scratches
None

Avalanche

5 vs 5 Forward 
   Center                   Left Wing                Right Wing               Time % Phy DF OF 
 1 Bryan Little             Mikkel Boedker           Patric Hornqvist         35     1   2  2  
 2 Paul Stastny             Andrei Kostitsyn         Alexander Radulov        35     1   2  2  
 3 Greg Campbell            Andrew Ladd              Brandon Yip              20     1   2  2  
 4 Jonathan Marchessault    Zach Boychuk             Chuck Kobasew            10     1   2  2  

5 vs 5 Defense 
   Defense                  Defense                                           Time % Phy DF OF 
 1 Pernell Karl Subban      Jack Johnson                                      40     1   2  2  
 2 Jay Bouwmeester          Marc Staal                                        35     1   2  2  
 3 Johnny Boychuk           Dan Boyle                                         25     1   2  2  
 4 Marc Staal               Jack Johnson                                      0      1   2  2  

PowerPlay Forward 
   Center                   Left Wing                Right Wing               Time % Phy DF OF 
 1 Bryan Little             Mikkel Boedker           Patric Hornqvist         60     1   2  2  
 2 Paul Stastny             Andrei Kostitsyn         Alexander Radulov        40     1   2  2  

PowerPlay Defense
   Defense                  Defense                                           Time % Phy DF OF 
 1 Jay Bouwmeester          Jack Johnson                                      60     1   2  2  
 2 Pernell Karl Subban      Marc Staal                                        40     1   2  2  

Penalty Kill 4 Players Forward 
   Center                   Wing                     Time % Phy DF OF 
 1 Andrew Ladd              Chuck Kobasew            60     1   2  2  
 2 Greg Campbell            Brandon Yip              40     1   2  2  

Penalty Kill 4 Players Defense
   Defense                  Defense                  Time % Phy DF OF 
 1 Marc Staal               Pernell Karl Subban      60     1   2  2  
 2 Jack Johnson             Johnny Boychuk           40     1   2  2  

Penalty Kill - 3 Players Forward 
   Forward                                           Time % Phy DF OF 
 1 Chuck Kobasew                                     60     1   2  2  
 2 Andrew Ladd                                       40     1   2  2  

Penalty Kill - 3 Players Defense
   Defense                  Defense                  Time % Phy DF OF 
 1 Marc Staal               Jack Johnson             60     1   2  2  
 2 Pernell Karl Subban      Johnny Boychuk           40     1   2  2  

4 vs 4 Forward 
   Center                   Wing                     Time % Phy DF OF 
 1 Patric Hornqvist         Mikkel Boedker           60     1   2  2  
 2 Bryan Little             Andrei Kostitsyn         40     1   2  2  

4 vs 4 Defense
   Defense                  Defense                  Time % Phy DF OF 
 1 Marc Staal               Jack Johnson             60     1   2  2  
 2 Pernell Karl Subban      Johnny Boychuk           40     1   2  2  

Last Minutes Offensive
   Center                   Left Wing                Right Wing               Defense                  Defense                  
   Bryan Little             Mikkel Boedker           Patric Hornqvist         Marc Staal               Jack Johnson             

Last Minutes Defensive
   Center                   Left Wing                Right Wing               Defense                  Defense                  
   Bryan Little             Andrew Ladd              Chuck Kobasew            Marc Staal               Jack Johnson             

Goaltenders
Starting : Roberto Luongo           
Backup : Semyon Varlamov          

Extra Forwards
Normal : Andrew Ladd, Alexander Radulov, Greg Campbell - PP : Andrew Ladd, Alexander Radulov - PK : Greg Campbell
Extra Defensemen
Normal : Jay Bouwmeester, Dan Boyle, Pernell Karl Subban - PP : Jay Bouwmeester - PK : Jay Bouwmeester, Pernell Karl Subban
Penalty Shots
Mikkel Boedker, Patric Hornqvist, Paul Stastny, Bryan Little, Andrei Kostitsyn

Scratches
None


% Time on Ice - Blackhawks

Lines # - Real PCT - Wanted PCT - Time Play
Normal Forward
1 - 35% - 40% - 16:02
2 - 28% - 30% - 12:37
3 - 21% - 20% - 9:34
4 - 16% - 10% - 7:02
Normal Defense
1 - 41% - 40% - 18:21
2 - 30% - 30% - 13:41
3 - 26% - 20% - 11:47
4 - 3% - 10% - 1:26
PP Forward
1 - 58% - 60% - 1:46
2 - 42% - 40% - 1:16
PP Defense
1 - 67% - 60% - 2:02
2 - 33% - 40% - 1:00
PK Forward
1 - 69% - 60% - 8:07
2 - 31% - 40% - 3:36
PK Defense
1 - 77% - 60% - 8:59
2 - 23% - 40% - 2:44
PK3 Forward
1 - 0% - 60%
2 - 0% - 40%
PK3 Defense
1 - 0% - 60%
2 - 0% - 40%
44 Forward
1 - 0% - 60%
2 - 0% - 40%
44 Defense
1 - 0% - 60%
2 - 0% - 40%
Last Minute Offensive  - 0:00
Last Minute Defensive  - 0:00
Total
Forward - 60:00
Defense - 60:00

% Time on Ice - Avalanche

Lines # - Real PCT - Wanted PCT - Time Play
Normal Forward
1 - 34% - 35% - 15:23
2 - 34% - 35% - 15:21
3 - 16% - 20% - 7:21
4 - 16% - 10% - 7:10
Normal Defense
1 - 41% - 40% - 18:24
2 - 35% - 35% - 16:02
3 - 24% - 25% - 10:49
4 - 0% - 0% - 0:00
PP Forward
1 - 52% - 60% - 6:09
2 - 48% - 40% - 5:34
PP Defense
1 - 58% - 60% - 6:46
2 - 42% - 40% - 4:57
PK Forward
1 - 83% - 60% - 2:31
2 - 17% - 40% - 0:31
PK Defense
1 - 64% - 60% - 1:57
2 - 36% - 40% - 1:05
PK3 Forward
1 - 0% - 60%
2 - 0% - 40%
PK3 Defense
1 - 0% - 60%
2 - 0% - 40%
44 Forward
1 - 0% - 60%
2 - 0% - 40%
44 Defense
1 - 0% - 60%
2 - 0% - 40%
Last Minute Offensive  - 0:00
Last Minute Defensive  - 0:00
Total
Forward - 60:00
Defense - 60:00

Play by Play

1st period


0:01 of 1st period - Bryan Little wins face-off versus Derick Brassard in neutral zone.
0:26 of 1st period - Paul Stastny is hit by Mike Green and loses puck.
1:20 of 1st period - Snap shot by Zach Boychuk.
1:20 of 1st period - Shot Misses the Net.
2:00 of 1st period - Slapshot by Mike Green.
2:00 of 1st period - Stopped by Roberto Luongo without a rebound.
2:01 of 1st period - Greg Campbell wins face-off versus Peter Regin in Avalanche zone.
2:01 of 1st period - Greg Campbell is hit by Chris Kreider.
2:04 of 1st period - Dan Boyle is hit by Chris Kreider and loses puck.
2:09 of 1st period - Slapshot by Chris Kreider.
2:09 of 1st period - Shot Misses the Net.
2:11 of 1st period - Slapshot by Mike Green.
2:11 of 1st period - Stopped by Roberto Luongo with a rebound.
2:17 of 1st period - Slapshot by Chris Kreider.
2:17 of 1st period - Stopped by Roberto Luongo without a rebound.
2:18 of 1st period - Derick Brassard wins face-off versus Paul Stastny in Avalanche zone.
2:49 of 1st period - Snap shot by Mike Green.
2:49 of 1st period - Stopped by Roberto Luongo without a rebound.
2:50 of 1st period - Bryan Little wins face-off versus Peter Regin in Avalanche zone.
3:28 of 1st period - Snap shot by Paul Stastny.
3:28 of 1st period - Stopped by Jimmy Howard without a rebound.
3:29 of 1st period - Greg Campbell wins face-off versus Cam Janssen in Blackhawks zone.
4:13 of 1st period - Minor Penalty to Denis Grebeshkov for Interference.
4:14 of 1st period - Peter Regin wins face-off versus Bryan Little in Blackhawks zone.
4:29 of 1st period - Wrist shot by Mikkel Boedker.
4:29 of 1st period - Stopped by Jimmy Howard without a rebound.
4:30 of 1st period - Bryan Little wins face-off versus Peter Regin in Blackhawks zone.
6:13 of 1st period - Penalty to Denis Grebeshkov is over, Denis Grebeshkov is back on ice.
6:28 of 1st period - Lasse Kukkonen is hit by Jonathan Marchessault and loses puck.
6:51 of 1st period - Slapshot by Marc Staal.
6:51 of 1st period - Shot Misses the Net.
6:54 of 1st period - Icing by Ryan Johansen.
6:55 of 1st period - Cam Janssen wins face-off versus Greg Campbell in Blackhawks zone.
7:21 of 1st period - Rick Nash is hit by Bryan Little and loses puck.
7:32 of 1st period - Patric Hornqvist is hit by Antoine Roussel and loses puck.
7:45 of 1st period - Snap shot by Andrei Kostitsyn.
7:45 of 1st period - Goal by Andrei Kostitsyn - Blackhawks : 0 - Avalanche : 1.
7:46 of 1st period - Bryan Little wins face-off versus Michael Frolik in neutral zone.
7:57 of 1st period - Snap shot by Mikkel Boedker.
7:57 of 1st period - Stopped by Jimmy Howard with a rebound.
7:59 of 1st period - Snap shot by Patric Hornqvist.
7:59 of 1st period - Stopped by Jimmy Howard without a rebound.
8:00 of 1st period - Paul Stastny wins face-off versus Rick Nash in Blackhawks zone.
8:27 of 1st period - Antoine Roussel is hit by Brandon Yip.
8:53 of 1st period - Snap shot by Chris Kreider.
8:53 of 1st period - Shot Misses the Net.
9:11 of 1st period - Slapshot by Jay Bouwmeester.
9:11 of 1st period - Shot Blocked by Lasse Kukkonen.
9:33 of 1st period - Snap shot by Ryan Johansen.
9:33 of 1st period - Shot Misses the Net.
9:35 of 1st period - Snap shot by Ryan Johansen.
9:35 of 1st period - Shot Hit the Post.
9:55 of 1st period - Snap shot by Andrew Ladd.
9:55 of 1st period - Stopped by Jimmy Howard with a rebound.
9:57 of 1st period - Snap shot by Greg Campbell.
9:57 of 1st period - Stopped by Jimmy Howard with a rebound.
9:59 of 1st period - Snap shot by Brandon Yip.
9:59 of 1st period - Stopped by Jimmy Howard with a rebound.
10:31 of 1st period - Slapshot by Jack Johnson.
10:31 of 1st period - Shot Blocked by Mike Green.
10:53 of 1st period - Andrei Kostitsyn is hit by Cam Janssen and loses puck.
11:36 of 1st period - Slapshot by Denis Grebeshkov.
11:36 of 1st period - Stopped by Roberto Luongo without a rebound.
11:37 of 1st period - Zac Rinaldo wins face-off versus Bryan Little in Avalanche zone.
11:38 of 1st period - Snap shot by Tyler Kennedy.
11:38 of 1st period - Goal by Tyler Kennedy - Blackhawks : 1 - Avalanche : 1.
11:39 of 1st period - Bryan Little wins face-off versus Derick Brassard in neutral zone.
12:49 of 1st period - Zac Rinaldo is hit by Jonathan Marchessault and loses puck.
13:10 of 1st period - Wrist shot by Bryan Little.
13:10 of 1st period - Deflect By Mikkel Boedker.
13:10 of 1st period - Stopped by Jimmy Howard with a rebound.
15:14 of 1st period - Wrist shot by Alexander Radulov.
15:14 of 1st period - Stopped by Jimmy Howard with a rebound.
15:30 of 1st period - Slapshot by Denis Grebeshkov.
15:30 of 1st period - Stopped by Roberto Luongo without a rebound.
15:31 of 1st period - Ryan Johansen wins face-off versus Greg Campbell in Avalanche zone.
16:17 of 1st period - Wrist shot by Patric Hornqvist.
16:17 of 1st period - Shot Hit the Post.
16:19 of 1st period - Slapshot by Johnny Boychuk.
16:19 of 1st period - Stopped by Jimmy Howard without a rebound.
16:20 of 1st period - Peter Regin wins face-off versus Bryan Little in Blackhawks zone.
16:29 of 1st period - Slapshot by Michael Frolik.
16:29 of 1st period - Stopped by Roberto Luongo without a rebound.
16:30 of 1st period - Paul Stastny wins face-off versus Peter Regin in Avalanche zone.
16:43 of 1st period - Snap shot by Alexander Radulov.
16:43 of 1st period - Shot Blocked by Hampus Lindholm.
16:59 of 1st period - Slapshot by Michael Frolik.
16:59 of 1st period - Deflect By Chris Kreider.
16:59 of 1st period - Shot Misses the Net.
16:59 of 1st period - Puck is out of play.
17:00 of 1st period - Derick Brassard wins face-off versus Bryan Little in Avalanche zone.
17:05 of 1st period - Wrist shot by Antoine Roussel.
17:05 of 1st period - Shot Misses the Net.
18:09 of 1st period - Slapshot by Bryan Little.
18:09 of 1st period - Stopped by Jimmy Howard with a rebound.
18:19 of 1st period - Slapshot by Bryan Little.
18:19 of 1st period - Stopped by Jimmy Howard without a rebound.
18:20 of 1st period - Derick Brassard wins face-off versus Paul Stastny in Blackhawks zone.
18:22 of 1st period - Minor Penalty to Derick Brassard for Tripping.
18:23 of 1st period - Paul Stastny wins face-off versus Peter Regin in Blackhawks zone.
18:25 of 1st period - Slapshot by Jack Johnson.
18:25 of 1st period - Deflect By Joni Pitkanen.
18:25 of 1st period - Stopped by Jimmy Howard with a rebound.
18:27 of 1st period - Slapshot by Jack Johnson.
18:27 of 1st period - Shot Blocked by Peter Regin.
18:29 of 1st period - Wrist shot by Alexander Radulov.
18:29 of 1st period - Shot Misses the Net.
18:31 of 1st period - Snap shot by Andrei Kostitsyn.
18:31 of 1st period - Shot Blocked by Mike Green.
18:35 of 1st period - Backhand shot by Alexander Radulov.
18:35 of 1st period - Shot Misses the Net.
18:37 of 1st period - Backhand shot by Andrei Kostitsyn.
18:37 of 1st period - Shot Misses the Net.
18:39 of 1st period - Slapshot by Paul Stastny.
18:39 of 1st period - Stopped by Jimmy Howard without a rebound.
18:40 of 1st period - Peter Regin wins face-off versus Paul Stastny in Blackhawks zone.
18:40 of 1st period - Peter Regin is hit by Marc Staal.
Goals for this period are 1 for Blackhawks vs 1 for Avalanche.
Shots for this period are 8 for Blackhawks vs 15 for Avalanche.

2nd period


0:01 of 2nd period - Bryan Little wins face-off versus Antoine Roussel in neutral zone.
0:08 of 2nd period - Wrist shot by Bryan Little.
0:08 of 2nd period - Shot Blocked by Joni Pitkanen.
0:10 of 2nd period - Slapshot by Bryan Little.
0:10 of 2nd period - Goal by Bryan Little - Blackhawks : 1 - Avalanche : 2.
0:11 of 2nd period - Paul Stastny wins face-off versus Derick Brassard in neutral zone.
1:25 of 2nd period - Snap shot by Andrei Kostitsyn.
1:25 of 2nd period - Stopped by Jimmy Howard with a rebound.
1:45 of 2nd period - Snap shot by Zach Boychuk.
1:45 of 2nd period - Shot Misses the Net.
1:47 of 2nd period - Slapshot by Dan Boyle.
1:47 of 2nd period - Goal by Dan Boyle - Blackhawks : 1 - Avalanche : 3.
1:48 of 2nd period - Derick Brassard wins face-off versus Paul Stastny in neutral zone.
2:15 of 2nd period - Mikkel Boedker is hit by Michael Frolik.
2:39 of 2nd period - Greg Campbell is hit by Tomas Fleischmann and loses puck.
3:00 of 2nd period - Jack Johnson is hit by Tyler Kennedy and loses puck.
3:05 of 2nd period - Wrist shot by Tyler Kennedy.
3:05 of 2nd period - Stopped by Roberto Luongo with a rebound.
3:07 of 2nd period - Slapshot by Lasse Kukkonen.
3:07 of 2nd period - Shot Misses the Net.
3:21 of 2nd period - Snap shot by Paul Stastny.
3:21 of 2nd period - Shot Misses the Net.
3:23 of 2nd period - Slapshot by Alexander Radulov.
3:23 of 2nd period - Shot Misses the Net.
3:25 of 2nd period - Slapshot by Pernell Karl Subban.
3:25 of 2nd period - Deflect By Paul Stastny.
3:25 of 2nd period - Stopped by Jimmy Howard without a rebound.
3:26 of 2nd period - Paul Stastny wins face-off versus Peter Regin in Blackhawks zone.
3:53 of 2nd period - Dan Boyle is hit by Rick Nash and loses puck.
3:58 of 2nd period - Snap shot by Derick Brassard.
3:58 of 2nd period - Deflect By Antoine Roussel.
3:58 of 2nd period - Shot Misses the Net.
3:58 of 2nd period - Puck is out of play.
3:59 of 2nd period - Bryan Little wins face-off versus Derick Brassard in Avalanche zone.
4:05 of 2nd period - Jay Bouwmeester is hit by Hampus Lindholm and loses puck.
4:08 of 2nd period - Wrist shot by Patric Hornqvist.
4:08 of 2nd period - Shot Misses the Net.
4:10 of 2nd period - Wrist shot by Bryan Little.
4:10 of 2nd period - Stopped by Jimmy Howard with a rebound.
4:22 of 2nd period - Minor Penalty to Joni Pitkanen for Hooking.
4:23 of 2nd period - Patric Hornqvist wins face-off versus Peter Regin in Blackhawks zone.
6:22 of 2nd period - Penalty to Joni Pitkanen is over, Joni Pitkanen is back on ice.
6:24 of 2nd period - Joni Pitkanen is hit by Marc Staal and loses puck.
6:29 of 2nd period - Slapshot by Zach Boychuk.
6:29 of 2nd period - Deflect By Joni Pitkanen.
6:29 of 2nd period - Shot Blocked by Lasse Kukkonen.
6:29 of 2nd period - Puck is out of play.
6:30 of 2nd period - Ryan Johansen wins face-off versus Greg Campbell in Blackhawks zone.
7:19 of 2nd period - Snap shot by Paul Stastny.
7:19 of 2nd period - Shot Blocked by Joni Pitkanen.
7:21 of 2nd period - Slapshot by Dan Boyle.
7:21 of 2nd period - Shot Hit the Post.
7:23 of 2nd period - Wrist shot by Alexander Radulov.
7:23 of 2nd period - Deflect By Andrei Kostitsyn.
7:23 of 2nd period - Shot Blocked by Joni Pitkanen.
7:23 of 2nd period - Puck is out of play.
7:24 of 2nd period - Bryan Little wins face-off versus Peter Regin in Blackhawks zone.
8:03 of 2nd period - Slapshot by Andrei Kostitsyn.
8:03 of 2nd period - Stopped by Jimmy Howard with a rebound.
8:12 of 2nd period - Off-side.
8:13 of 2nd period - Greg Campbell wins face-off versus Ryan Johansen in neutral zone.
8:26 of 2nd period - Snap shot by Andrew Ladd.
8:26 of 2nd period - Shot Misses the Net.
8:28 of 2nd period - Slapshot by Marc Staal.
8:28 of 2nd period - Shot Blocked by Tomas Fleischmann.
9:19 of 2nd period - Minor Penalty to Patric Hornqvist for Roughing.
9:20 of 2nd period - Andrew Ladd wins face-off versus Derick Brassard in Avalanche zone.
9:47 of 2nd period - Marc Staal is hit by Peter Regin and loses puck.
11:06 of 2nd period - Bryan Little is hit by Antoine Roussel and loses puck.
11:19 of 2nd period - Penalty to Patric Hornqvist is over, Patric Hornqvist is back on ice.
13:02 of 2nd period - Andrei Kostitsyn is hit by Antoine Roussel and loses puck.
13:03 of 2nd period - Andrei Kostitsyn from Avalanche is injured at 13:03 of 2nd period (Sprained Right Finger).
13:04 of 2nd period - Antoine Roussel wins face-off versus Paul Stastny in Avalanche zone.
13:10 of 2nd period - Minor Penalty to Derick Brassard for Diving.
13:11 of 2nd period - Bryan Little wins face-off versus Peter Regin in Blackhawks zone.
13:49 of 2nd period - Snap shot by Mikkel Boedker.
13:49 of 2nd period - Stopped by Jimmy Howard without a rebound.
13:50 of 2nd period - Paul Stastny wins face-off versus Peter Regin in Blackhawks zone.
15:10 of 2nd period - Penalty to Derick Brassard is over, Derick Brassard is back on ice.
15:42 of 2nd period - Johnny Boychuk is hit by Ryan Johansen and loses puck.
16:23 of 2nd period - Greg Campbell is hit by Tomas Fleischmann and loses puck.
17:03 of 2nd period - Backhand shot by Tyler Kennedy.
17:03 of 2nd period - Shot Blocked by Jay Bouwmeester.
17:05 of 2nd period - Slapshot by Lasse Kukkonen.
17:05 of 2nd period - Shot Misses the Net.
17:09 of 2nd period - Wrist shot by Mason Raymond.
17:09 of 2nd period - Shot Misses the Net.
17:11 of 2nd period - Slapshot by Lasse Kukkonen.
17:11 of 2nd period - Shot Blocked by Jay Bouwmeester.
18:35 of 2nd period - Wrist shot by Tyler Kennedy.
18:35 of 2nd period - Shot Misses the Net.
19:06 of 2nd period - Tomas Fleischmann is hit by Mikkel Boedker and loses puck.
19:28 of 2nd period - Greg Campbell is hit by Mike Green and loses puck.
19:48 of 2nd period - Andrew Ladd is hit by Tyler Kennedy.
Goals for this period are 0 for Blackhawks vs 2 for Avalanche.
Shots for this period are 1 for Blackhawks vs 7 for Avalanche.

3rd period


0:01 of 3rd period - Paul Stastny wins face-off versus Derick Brassard in neutral zone.
0:06 of 3rd period - Wrist shot by Andrew Ladd.
0:06 of 3rd period - Shot Blocked by Derick Brassard.
0:39 of 3rd period - Wrist shot by Bryan Little.
0:39 of 3rd period - Goal by Bryan Little - Blackhawks : 1 - Avalanche : 4.
0:40 of 3rd period - Paul Stastny wins face-off versus Derick Brassard in neutral zone.
1:07 of 3rd period - Mikkel Boedker is hit by Mike Green and loses puck.
1:32 of 3rd period - Snap shot by Andrew Ladd.
1:32 of 3rd period - Stopped by Jimmy Howard with a rebound.
2:31 of 3rd period - Snap shot by Mason Raymond.
2:31 of 3rd period - Shot Misses the Net.
2:33 of 3rd period - Snap shot by Tyler Kennedy.
2:33 of 3rd period - Stopped by Roberto Luongo without a rebound.
2:34 of 3rd period - Bryan Little wins face-off versus Derick Brassard in Avalanche zone.
3:13 of 3rd period - Slapshot by Hampus Lindholm.
3:13 of 3rd period - Shot Misses the Net.
3:29 of 3rd period - Backhand shot by Chris Kreider.
3:29 of 3rd period - Stopped by Roberto Luongo without a rebound.
3:30 of 3rd period - Andrew Ladd wins face-off versus Ryan Johansen in Avalanche zone.
3:35 of 3rd period - Jack Johnson is hit by Cam Janssen and loses puck.
3:44 of 3rd period - Snap shot by Mike Green.
3:44 of 3rd period - Shot Misses the Net.
4:05 of 3rd period - Snap shot by Mikkel Boedker.
4:05 of 3rd period - Stopped by Jimmy Howard without a rebound.
4:06 of 3rd period - Peter Regin wins face-off versus Paul Stastny in Blackhawks zone.
4:06 of 3rd period - Peter Regin is hit by Paul Stastny.
4:22 of 3rd period - Snap shot by Chris Kreider.
4:22 of 3rd period - Stopped by Roberto Luongo without a rebound.
4:23 of 3rd period - Bryan Little wins face-off versus Derick Brassard in Avalanche zone.
4:37 of 3rd period - Off-side.
4:38 of 3rd period - Paul Stastny wins face-off versus Peter Regin in neutral zone.
4:43 of 3rd period - Wrist shot by Paul Stastny.
4:43 of 3rd period - Shot Misses the Net.
4:45 of 3rd period - Slapshot by Paul Stastny.
4:45 of 3rd period - Deflect By Alexander Radulov.
4:45 of 3rd period - Stopped by Jimmy Howard with a rebound.
4:47 of 3rd period - Slapshot by Jack Johnson.
4:47 of 3rd period - Shot Blocked by Denis Grebeshkov.
4:49 of 3rd period - Snap shot by Paul Stastny.
4:49 of 3rd period - Stopped by Jimmy Howard with a rebound.
4:51 of 3rd period - Snap shot by Andrew Ladd.
4:51 of 3rd period - Shot Misses the Net.
5:03 of 3rd period - Patric Hornqvist is hit by Mike Green and loses puck.
5:30 of 3rd period - Slapshot by Jack Johnson.
5:30 of 3rd period - Deflect By Chuck Kobasew.
5:30 of 3rd period - Goal by Chuck Kobasew - Blackhawks : 1 - Avalanche : 5.
5:31 of 3rd period - Paul Stastny wins face-off versus Derick Brassard in neutral zone.
5:41 of 3rd period - Wrist shot by Antoine Roussel.
5:41 of 3rd period - Shot Misses the Net.
5:43 of 3rd period - Snap shot by Derick Brassard.
5:43 of 3rd period - Shot Blocked by Andrew Ladd.
5:45 of 3rd period - Wrist shot by Derick Brassard.
5:45 of 3rd period - Stopped by Roberto Luongo without a rebound.
5:46 of 3rd period - Mikkel Boedker wins face-off versus Peter Regin in Avalanche zone.
5:53 of 3rd period - Snap shot by Mikkel Boedker.
5:53 of 3rd period - Deflect By Michael Frolik.
5:53 of 3rd period - Shot Misses the Net.
5:53 of 3rd period - Puck is out of play.
5:54 of 3rd period - Michael Frolik wins face-off versus Mikkel Boedker in Blackhawks zone.
5:54 of 3rd period - Joni Pitkanen is hit by Mikkel Boedker and loses puck.
6:05 of 3rd period - Wrist shot by Bryan Little.
6:05 of 3rd period - Stopped by Jimmy Howard with a rebound.
6:07 of 3rd period - Slapshot by Pernell Karl Subban.
6:07 of 3rd period - Shot Misses the Net.
6:09 of 3rd period - Slapshot by Pernell Karl Subban.
6:09 of 3rd period - Stopped by Jimmy Howard without a rebound.
6:10 of 3rd period - Paul Stastny wins face-off versus Derick Brassard in Blackhawks zone.
6:36 of 3rd period - Mikkel Boedker is hit by Michael Frolik and loses puck.
7:01 of 3rd period - Ryan Johansen is hit by Jonathan Marchessault and loses puck.
7:16 of 3rd period - Joni Pitkanen is hit by Greg Campbell and loses puck.
7:23 of 3rd period - Wrist shot by Brandon Yip.
7:23 of 3rd period - Stopped by Jimmy Howard without a rebound.
7:24 of 3rd period - Paul Stastny wins face-off versus Derick Brassard in Blackhawks zone.
7:29 of 3rd period - Snap shot by Alexander Radulov.
7:29 of 3rd period - Stopped by Jimmy Howard without a rebound.
7:30 of 3rd period - Paul Stastny wins face-off versus Derick Brassard in Blackhawks zone.
7:33 of 3rd period - Slapshot by Paul Stastny.
7:33 of 3rd period - Stopped by Jimmy Howard with a rebound.
7:55 of 3rd period - Snap shot by Derick Brassard.
7:55 of 3rd period - Stopped by Roberto Luongo with a rebound.
8:01 of 3rd period - Wrist shot by Peter Regin.
8:01 of 3rd period - Stopped by Roberto Luongo without a rebound.
8:02 of 3rd period - Paul Stastny wins face-off versus Peter Regin in Avalanche zone.
8:02 of 3rd period - Paul Stastny is hit by Peter Regin.
8:35 of 3rd period - Snap shot by Paul Stastny.
8:35 of 3rd period - Deflect By Andrew Ladd.
8:35 of 3rd period - Stopped by Jimmy Howard with a rebound.
8:41 of 3rd period - Snap shot by Alexander Radulov.
8:41 of 3rd period - Stopped by Jimmy Howard with a rebound.
8:43 of 3rd period - Snap shot by Alexander Radulov.
8:43 of 3rd period - Stopped by Jimmy Howard without a rebound.
8:44 of 3rd period - Derick Brassard wins face-off versus Bryan Little in Blackhawks zone.
9:11 of 3rd period - Chuck Kobasew is hit by Mike Green and loses puck.
9:23 of 3rd period - Zach Boychuk is hit by Ryan Johansen.
9:51 of 3rd period - Snap shot by Chris Kreider.
9:51 of 3rd period - Stopped by Roberto Luongo with a rebound.
9:53 of 3rd period - Slapshot by Denis Grebeshkov.
9:53 of 3rd period - Stopped by Roberto Luongo without a rebound.
9:54 of 3rd period - Peter Regin wins face-off versus Paul Stastny in Avalanche zone.
10:01 of 3rd period - Wrist shot by Michael Frolik.
10:01 of 3rd period - Stopped by Roberto Luongo with a rebound.
10:03 of 3rd period - Snap shot by Peter Regin.
10:03 of 3rd period - Stopped by Roberto Luongo without a rebound.
10:04 of 3rd period - Derick Brassard wins face-off versus Paul Stastny in Avalanche zone.
10:24 of 3rd period - Icing by Joni Pitkanen.
10:25 of 3rd period - Bryan Little wins face-off versus Derick Brassard in Blackhawks zone.
10:26 of 3rd period - Snap shot by Mikkel Boedker.
10:26 of 3rd period - Goal by Mikkel Boedker - Blackhawks : 1 - Avalanche : 6.
10:27 of 3rd period - Bryan Little wins face-off versus Derick Brassard in neutral zone.
10:34 of 3rd period - Slapshot by Bryan Little.
10:34 of 3rd period - Stopped by Jimmy Howard with a rebound.
10:36 of 3rd period - Wrist shot by Jack Johnson.
10:36 of 3rd period - Shot Misses the Net.
10:38 of 3rd period - Slapshot by Bryan Little.
10:38 of 3rd period - Stopped by Jimmy Howard without a rebound.
10:39 of 3rd period - Derick Brassard wins face-off versus Paul Stastny in Blackhawks zone.
10:41 of 3rd period - Minor Penalty to Rick Nash for Slashing.
10:42 of 3rd period - Peter Regin wins face-off versus Bryan Little in Blackhawks zone.
11:30 of 3rd period - Marc Staal is hit by Joni Pitkanen and loses puck.
12:01 of 3rd period - Pernell Karl Subban is hit by Denis Grebeshkov and loses puck.
12:36 of 3rd period - Antoine Roussel is hit by Zach Boychuk and loses puck.
12:41 of 3rd period - Penalty to Rick Nash is over, Rick Nash is back on ice.
12:43 of 3rd period - Snap shot by Brandon Yip.
12:43 of 3rd period - Shot Blocked by Rick Nash.
12:45 of 3rd period - Snap shot by Brandon Yip.
12:45 of 3rd period - Stopped by Jimmy Howard without a rebound.
12:46 of 3rd period - Tyler Kennedy wins face-off versus Jonathan Marchessault in Blackhawks zone.
12:48 of 3rd period - Zac Rinaldo beats up Johnny Boychuk.
12:48 of 3rd period - Penalty to Johnny Boychuk for Fighting.
12:48 of 3rd period - Penalty to Zac Rinaldo for Fighting.
12:49 of 3rd period - Peter Regin wins face-off versus Bryan Little in neutral zone.
12:56 of 3rd period - Slapshot by Michael Frolik.
12:56 of 3rd period - Stopped by Roberto Luongo with a rebound.
14:15 of 3rd period - Off-side.
14:16 of 3rd period - Paul Stastny wins face-off versus Peter Regin in neutral zone.
16:03 of 3rd period - Snap shot by Paul Stastny.
16:03 of 3rd period - Goal by Paul Stastny - Blackhawks : 1 - Avalanche : 7.
16:04 of 3rd period - Bryan Little wins face-off versus Derick Brassard in neutral zone.
16:07 of 3rd period - Snap shot by Jay Bouwmeester.
16:07 of 3rd period - Shot Misses the Net.
16:12 of 3rd period - Minor Penalty to Mike Green for Tripping.
16:13 of 3rd period - Mikkel Boedker wins face-off versus Peter Regin in Blackhawks zone.
17:05 of 3rd period - Icing by Pernell Karl Subban.
17:06 of 3rd period - Antoine Roussel wins face-off versus Paul Stastny in Avalanche zone.
17:17 of 3rd period - Antoine Roussel is hit by Andrew Ladd and loses puck.
17:48 of 3rd period - Penalty to Zac Rinaldo is over, Zac Rinaldo is back on ice.
18:12 of 3rd period - Penalty to Mike Green is over, Mike Green is back on ice.
18:13 of 3rd period - Icing by Marc Staal.
18:14 of 3rd period - Zac Rinaldo wins face-off versus Paul Stastny in Avalanche zone.
18:15 of 3rd period - Wrist shot by Tyler Kennedy.
18:15 of 3rd period - Stopped by Roberto Luongo without a rebound.
18:16 of 3rd period - Paul Stastny wins face-off versus Zac Rinaldo in Avalanche zone.
18:25 of 3rd period - Wrist shot by Paul Stastny.
18:25 of 3rd period - Shot Misses the Net.
18:41 of 3rd period - Snap shot by Bryan Little.
18:41 of 3rd period - Shot Blocked by Kevin Marshall.
18:43 of 3rd period - Slapshot by Marc Staal.
18:43 of 3rd period - Stopped by Jimmy Howard with a rebound.
18:45 of 3rd period - Snap shot by Patric Hornqvist.
18:45 of 3rd period - Goal by Patric Hornqvist - Blackhawks : 1 - Avalanche : 8.
18:46 of 3rd period - Derick Brassard wins face-off versus Bryan Little in neutral zone.
18:51 of 3rd period - Wrist shot by Derick Brassard.
18:51 of 3rd period - Shot Misses the Net.
18:53 of 3rd period - Slapshot by Denis Grebeshkov.
18:53 of 3rd period - Stopped by Roberto Luongo without a rebound.
18:54 of 3rd period - Bryan Little wins face-off versus Derick Brassard in Avalanche zone.
18:56 of 3rd period - Minor Penalty to Bryan Little for Holding.
18:57 of 3rd period - Derick Brassard wins face-off versus Andrew Ladd in Avalanche zone.
18:57 of 3rd period - Snap shot by Antoine Roussel.
18:57 of 3rd period - Shot Blocked by Pernell Karl Subban.
19:11 of 3rd period - Snap shot by Andrew Ladd.
19:11 of 3rd period - Shot Misses the Net.
19:50 of 3rd period - Zach Boychuk is hit by Antoine Roussel and loses puck.
Goals for this period are 0 for Blackhawks vs 5 for Avalanche.
Shots for this period are 13 for Blackhawks vs 21 for Avalanche.